 Dungeon Crawl Stone Soup version 0.32-a0-898-g7811c86cf0 (webtiles) character file.

Game seed: 9592546778714972277

35 Lanoc the Sneak (level 3, -3/28 HPs)
             Began as a Coglin Brigand on Apr 4, 2024.
             Incinerated by a bombardier beetle (5 damage)
             ... with a burning spray
             ... on level 2 of the Dungeon.
             The game lasted 00:01:03 (942 turns).

Lanoc the Sneak (Coglin Brigand)                     Turns: 942, Time: 00:01:03

Health: -3/28      AC:  3    Str: 11    XL:     3   Next: 35%
Magic:  3/3        EV: 11    Int: 10    God:
Gold:   44         SH:  0    Dex: 17    Spells: 2/2 levels left

rFire   . . .        a - +2 dagger {Balvinder}
rCold   . . .        f - +0 dagger {Francisca}
rNeg    . . .        b - +0 robe
rPois   .            (no helmet)
rElec   .            c - +0 cloak
rCorr   .            (no gloves)
SInv    .            (no boots)
Will    .....        (amulet unavailable)
Stlth   +            (ring unavailable)
HPRegen 0.24/turn    (ring unavailable)
MPRegen 0.08/turn    (no gizmo)

%: no passive effects
@: on fire, hasted, glowing, revved, very quick
A: off-hand wielding, slow wielding, warmup strikes, no jewellery
a: Invent Gizmo


You were on level 2 of the Dungeon.
You visited 1 branch of the dungeon, and saw 2 of its levels.

You collected 44 gold pieces.

Inventory:

Hand Weapons
 a - a +2 dagger (weapon) {Balvinder}
 f - a +0 dagger (offhand) {Francisca}
Missiles
 d - 12 poisoned darts (quivered)
 e - 3 curare-tipped darts
Armour
 b - a +0 robe (worn)
 c - a +0 cloak (worn)
Scrolls
 g - a scroll of torment {unknown}
 k - a scroll of immolation {unknown}
 l - a scroll of enchant weapon {unknown}
Potions
 i - a potion of degeneration {unknown}
 j - a potion of heal wounds {unknown}
 m - a potion of brilliance {unknown}


   Skills:
 + Level 2.4 Fighting
 + Level 2.2 Short Blades
 - Level 1.7 Throwing
 + Level 1.5 Dodging
 + Level 3.5 Stealth


You had 2 spell levels left.
You didn't know any spells.
Your spell library contained the following spells:

 Spells                   Type           Power      Damage    Failure   Level
 Fugue of the Fallen      Necr           0%         N/A       75%         3
 Ozocubu's Armour         Ice            0%         N/A       75%         3
 Manifold Assault         Tloc           0%         N/A       100%        7


Dungeon Overview and Level Annotations

Branches:
Dungeon (2/15)

Altars:


Innate Abilities, Weirdness & Mutations

You can wield a second weapon in your off-hand.
It takes a long time for you to wield or remove held weapons.
Your first few attacks do less damage.
You cannot equip rings or amulets.


Message History

A bombardier beetle comes into view.
The bombardier beetle sprays incendiary fluid at you.
The burning spray hits you.
You are covered in liquid fire!
You hit the bombardier beetle with your +2 dagger.
The bombardier beetle is lightly wounded.
You hit the bombardier beetle but do no damage.
The liquid fire burns you!
You hit the bombardier beetle but do no damage.
The bombardier beetle is lightly wounded.
You hit the bombardier beetle but do no damage.
The liquid fire burns you! The bombardier beetle bites you.
You barely miss the bombardier beetle with your +0 dagger.
The bombardier beetle is lightly wounded.
You hit the bombardier beetle with your +2 dagger.
The liquid fire burns you!
You hit the bombardier beetle but do no damage.
The bombardier beetle is moderately wounded.
You barely miss the bombardier beetle with your +0 dagger.
The liquid fire burns you!
The bombardier beetle closely misses you.
You hit the bombardier beetle but do no damage.
The bombardier beetle is moderately wounded.
You closely miss the bombardier beetle with your +2 dagger.
The liquid fire burns you!
You barely miss the bombardier beetle with your +0 dagger.
The bombardier beetle is moderately wounded.
You hit the bombardier beetle but do no damage.
The liquid fire burns you!
* * * LOW HITPOINT WARNING * * *
The bombardier beetle barely misses you.
You hit the bombardier beetle but do no damage.
The bombardier beetle is moderately wounded.
You hit the bombardier beetle but do no damage.
The liquid fire burns you!
* * * LOW HITPOINT WARNING * * *
It was a potion of haste.
You feel yourself speed up. The liquid fire burns you!
You die...

#..#.##........#
#..............#
#..†...........#
#....#.#.......#
#.##...#.......#
#.#....#.......#
#.#.#..#.......#
#....#.#########
#.@....#
###B#### .# ..
###


You could see a bombardier beetle.

Vanquished Creatures
  An adder (D:2)
  A dart slug (D:1)
  A ribbon worm (D:1)
  3 endoplasms
  2 giant cockroaches (D:1)
  3 kobolds (D:1)
  2 quokkas
  3 ball pythons (D:1)
  2 bats (D:1)
  4 frilled lizards
  A rat (D:2)
23 creatures vanquished.

Notes
Turn   | Place    | Note
-------+----------+-------------------------------------------
     0 | D:1      | Lanoc the Coglin Brigand began the quest for the Orb.
     0 | D:1      | Reached XP level 1. HP: 16/16 MP: 1/1
    15 | D:1      | Reached skill level 1 in Dodging
   119 | D:1      | Found a faded altar of an unknown god.
   179 | D:1      | Reached XP level 2. HP: 22/22 MP: 2/2
   887 | D:2      | Reached XP level 3. HP: 27/28 MP: 3/3
   942 | D:2      | Incinerated by a bombardier beetle

Illustrated notes

Levels and vault maps discovered:
D:1:      dpeg_arrival_brainrot, layout_loops_ring,
          chequers_ecumenical_altar_twisty
D:2:      layout_loops_cross, uniq_terence

Skill      XL: |  1 |
---------------+----+-----
Dodging        | 1 |  1.5
Short Blades   | 2 |  2.2
Fighting       | |  2.4
Throwing       | |  1.7
Stealth        | |  3.5

Action                     || total
---------------------------++-------
  Melee: Dagger            ||    88
    Use: Potion            ||     1
   Stab: Sleeping          ||     9
 Armour: Robe              ||    19
  Dodge: Dodged            ||    25

Table legend: (Time is in decaauts)
 A = Elapsed time spent in this place.
 B = Non-inter-level travel time spent in this place.
 C = Inter-level travel time spent in this place.
 D = Time resting spent in this place.
 E = Time spent auto-exploring this place.
 F = Levels seen in this place.
 G = Mean time per level.
                   A        B        C        D        E       F      G
               +--------+--------+--------+--------+--------+-----+--------+
         Total |    936 |    919 |     17 |      0 |    763 |   2 |  468.0 |
       Dungeon |    936 |    919 |     17 |      0 |    763 |   2 |  468.0 |
               +--------+--------+--------+--------+--------+-----+--------+

Top non-repeatable levels by time:
     D:1: 875 daAuts
     D:2: 60 daAuts
